 Dungeon Crawl Stone Soup version 0.31-a0-750-gfe7b580527 (webtiles) character file.

Game seed: 13382397758653532967

83 miscthings the Grappler (level 4, -3/38 HPs)
             Began as a Gnoll Wanderer on Sept 15, 2023.
             Killed from afar by Sigmund (10 damage)
             ... with a puff of flame
             ... on level 3 of the Dungeon.
             The game lasted 00:03:42 (1770 turns).

miscthings the Grappler (Gnoll Wanderer)            Turns: 1770, Time: 00:03:42

Health: -3/38      AC:  4    Str: 14    XL:     4   Next: 44%
Magic:  6/6        EV: 11    Int: 10    God:
Gold:   115        SH:  0    Dex: 18    Spells: 4/5 levels left

rFire   . .          .
                       - Unarmed
rCold   . . .        p - orb {light}
rNeg    . . .        f - +0 leather armour
rPois   .            (no helmet)
rElec   .            (no cloak)
rCorr   .            (no gloves)
SInv    .            d - +0 pair of boots
Will    .....        (no amulet)
Stlth   +            o - +6 ring of dexterity
HPRegen 0.26/turn    r - ring of wizardry
MPRegen 0.10/turn

%: wizardry (x1)
@: on berserk cooldown, slowed, glowing, very slow
A: fangs 1, strong nose, distributed training
a: no special abilities


You were on level 3 of the Dungeon.
You visited 1 branch of the dungeon, and saw 3 of its levels.

You collected 115 gold pieces.

Inventory:

Hand Weapons
 a - a +0 club
 k - a +0 whip of venom
Armour
 d - a +0 pair of boots (worn)
 f - a +0 leather armour (worn)
 p - an orb of light (worn)
Jewellery
 o - a +6 ring of dexterity (left hand)
 r - a ring of wizardry (right hand)
Scrolls
 c - 2 scrolls of fog
 e - a scroll of blinking
 h - a scroll of silence {unknown}
 q - a scroll of noise {unknown}
 s - a scroll of revelation {unknown}
Potions
 b - a potion of haste
 l - a potion of brilliance
 m - a potion of curing
 n - a potion of mutation {unknown}


   Skills:
 + Level 4.6 Fighting
 + Level 1.2 Short Blades
 + Level 1.2 Long Blades
 + Level 1.2 Axes
 + Level 1.2 Maces & Flails
 + Level 1.2 Polearms
 + Level 1.2 Staves
 + Level 1.2 Ranged Weapons
 + Level 1.2 Throwing
 + Level 1.2 Armour
 + Level 1.2 Dodging
 + Level 4.3 Stealth
 + Level 1.2 Shields
 + Level 8.6 Unarmed Combat
 + Level 1.2 Spellcasting
 + Level 1.0 Conjurations
 + Level 1.0 Hexes
 + Level 1.0 Summonings
 + Level 1.0 Necromancy
 + Level 1.0 Translocations
 + Level 1.0 Transmutations
 + Level 1.0 Fire Magic
 + Level 1.0 Ice Magic
 + Level 1.0 Air Magic
 + Level 1.0 Earth Magic
 + Level 1.0 Poison Magic
 + Level 2.9 Invocations
 + Level 2.8 Evocations
 + Level 1.1 Shapeshifting


You had 4 spell levels left.
You knew the following spells:

 Your Spells              Type           Power      Damage    Failure   Level
a - Foxfire               Conj/Fire      8%         2x1d4     12%         1

Your spell library contained the following spells:

 Spells                   Type           Power      Damage    Failure   Level
 Plasma Beam              Fire/Air       1%         2x1d11    100%        6
 Starburst                Conj/Fire      1%         6d3       100%        6


Dungeon Overview and Level Annotations

Branches:
Dungeon (3/15)

Altars:
Elyvilon

Annotations:
D:1 1 transporter
D:3 Sigmund


Innate Abilities, Weirdness & Mutations

You have very sharp teeth.
Your uncanny sense of smell can sniff out nearby items.
Your experience applies equally to all skills.


Message History

Throw: dart (poison)
Press: ? - help, Q - select action, (/) - cycle Shift-Dir - straight line, f/p - Sigmund
Aim: Sigmund, wielding a +0 scythe, wearing a +2 robe and carrying a wand of flame (poisoned, 57% to hit)
You throw a poisoned dart.
The poisoned dart closely misses Sigmund.
Sigmund mumbles some strange words.
Sigmund flickers and vanishes!
Deactivating autopickup; reactivate with Ctrl-A.
A magic dart appears from out of thin air!
The magic dart hits you.
Found a stone staircase leading down.
You hear a zap.
A puff of flame appears from out of thin air!
The puff of flame hits you.
You hear a zap.
A puff of flame appears from out of thin air!
The puff of flame hits you!
* * * LOW HITPOINT WARNING * * *
A red film seems to cover your vision as you go berserk!
You feel yourself moving faster!
You feel mighty!
A puff of flame appears from out of thin air!
The puff of flame hits you!
* * * LOW HITPOINT WARNING * * *
You feel a strong urge to attack something.
Sigmund looks more healthy.
Sigmund barely misses you.
You feel your anger nearly subside.
You hit Sigmund but do no damage.
Sigmund is moderately wounded.
Sigmund hits you but does no damage.
You barely miss Sigmund.
Sigmund is moderately wounded.
You are no longer berserk.
You are exhausted.
You feel yourself slow down.
You punch Sigmund!
Sigmund is severely wounded.
Sigmund gestures at you while chanting. The puff of flame hits you!
You die...
Sigmund begins carving another notch in his scythe.

.# .#
..#.###
#.....
....###
......
#.####...#
#....@..#
#@.#
##.####..###
......>....#
#.#####....#
###..# #.#
#..# #.#
#..# #.#
#..## #.#
#...#


You could see Sigmund (invisible).

Vanquished Creatures
  An adder (D:2)
  3 gnolls
  3 dart slugs
  7 endoplasms
  2 giant cockroaches
  A goblin (D:1)
  3 hobgoblins (D:1)
  4 quokkas
  2 ball pythons
  3 bats (D:1)
  3 frilled lizards
  4 kobolds
  4 rats
40 creatures vanquished.

Notes
Turn   | Place    | Note
-------+----------+-------------------------------------------
     0 | D:1      | miscthings the Gnoll Wanderer began the quest for the Orb.
     0 | D:1      | miscthings set off with the following items: a +0 club, a
                  | potion of haste, a scroll of fog, a +0 pair of boots, a
                  | scroll of blinking, a +0 leather armour, a potion of
                  | berserk rage.
     0 | D:1      | Reached XP level 1. HP: 20/20 MP: 2/2
    97 | D:1      | Reached XP level 2. HP: 26/26 MP: 3/3
   110 | D:1      | Found a faded altar of an unknown god.
   473 | D:1      | Reached XP level 3. HP: 31/31 MP: 4/4
   811 | D:2      | Found a white marble altar of Elyvilon.
  1075 | D:2      | Reached skill level 1 in Short Blades
  1075 | D:2      | Reached skill level 1 in Long Blades
  1075 | D:2      | Reached skill level 1 in Axes
  1075 | D:2      | Reached skill level 1 in Maces & Flails
  1075 | D:2      | Reached skill level 1 in Polearms
  1075 | D:2      | Reached skill level 1 in Staves
  1075 | D:2      | Reached skill level 1 in Ranged Weapons
  1075 | D:2      | Reached skill level 1 in Throwing
  1075 | D:2      | Reached skill level 1 in Armour
  1075 | D:2      | Reached skill level 1 in Dodging
  1075 | D:2      | Reached skill level 1 in Shields
  1075 | D:2      | Reached skill level 1 in Spellcasting
  1088 | D:2      | Reached XP level 4. HP: 38/38 MP: 6/6
  1133 | D:2      | Reached skill level 1 in Shapeshifting
  1262 | D:2      | Learned a level 1 spell: Foxfire
  1273 | D:2      | Reached skill level 1 in Conjurations
  1273 | D:2      | Reached skill level 1 in Hexes
  1273 | D:2      | Reached skill level 1 in Summonings
  1273 | D:2      | Reached skill level 1 in Necromancy
  1273 | D:2      | Reached skill level 1 in Translocations
  1273 | D:2      | Reached skill level 1 in Transmutations
  1273 | D:2      | Reached skill level 1 in Fire Magic
  1273 | D:2      | Reached skill level 1 in Ice Magic
  1273 | D:2      | Reached skill level 1 in Air Magic
  1273 | D:2      | Reached skill level 1 in Earth Magic
  1273 | D:2      | Reached skill level 1 in Poison Magic
  1758 | D:3      | Noticed Sigmund
  1770 | D:3      | Killed from afar by Sigmund

Illustrated notes

Levels and vault maps discovered:
D:1:      spicycebolla_arrival_transporter_tutorial, layout_basic,
          chequers_ecumenical_altar_simple_redux, serial_forest,
          infiniplex_forest_lined_2, infiniplex_forest_lined_2,
          infiniplex_forest_corner_1, infiniplex_forest_clump_C,
          infiniplex_forest_lined_3, infiniplex_forest_clump_double,
          infiniplex_forest_lined_2, infiniplex_forest_clump_diagonal,
          infiniplex_forest_end_2, minmay_misc_feat_chi, bh_walls_and_bars
D:2:      layout_basic, basic_altar, nicolae_concentric_dashed_squares_mild
D:3:      layout_loops_ring, okawaru_trees_2, serial_shops,
          nicolae_diamond_shop, uniq_jessica, uniq_crazy_yiuf_cottage,
          uniq_sigmund

Skill      XL: |  1  2  3  4 |
---------------+-------------+-----
Short Blades   | 1 |  1.2
Long Blades    | 1 |  1.2
Axes           | 1 |  1.2
Maces & Flails | 1 |  1.2
Polearms       | 1 |  1.2
Staves         | 1 |  1.2
Ranged Weapons | 1 |  1.2
Throwing       | 1 |  1.2
Armour         | 1 |  1.2
Dodging        | 1 |  1.2
Shields        | 1 |  1.2
Spellcasting   | 1 |  1.2
Shapeshifting  | 1 |  1.1
Conjurations   | 1 |  1.0
Hexes          | 1 |  1.0
Summonings     | 1 |  1.0
Necromancy     | 1 |  1.0
Translocations | 1 |  1.0
Transmutations | 1 |  1.0
Fire Magic     | 1 |  1.0
Ice Magic      | 1 |  1.0
Air Magic      | 1 |  1.0
Earth Magic    | 1 |  1.0
Poison Magic   | 1 |  1.0
Fighting       | |  4.6
Stealth        | |  4.3
Unarmed Combat | |  8.6
Invocations    | |  2.9
Evocations     | |  2.8

Action                     |  1- 3 |  4- 6 || total
---------------------------+-------+-------++-------
  Melee: Unarmed           |    72 |    13 ||    85
         Bite              |     8 |       ||     8
  Throw: Dart              |     2 |     2 ||     4
    Use: Scroll            |       |     2 ||     2
         Potion            |       |     1 ||     1
   Stab: Sleeping          |    10 |     1 ||    11
 Armour: Leather armour    |    32 |    11 ||    43
  Dodge: Dodged            |    28 |     3 ||    31

Table legend: (Time is in decaauts)
 A = Elapsed time spent in this place.
 B = Non-inter-level travel time spent in this place.
 C = Inter-level travel time spent in this place.
 D = Time resting spent in this place.
 E = Time spent auto-exploring this place.
 F = Levels seen in this place.
 G = Mean time per level.
                   A        B        C        D        E       F      G
               +--------+--------+--------+--------+--------+-----+--------+
         Total |   1754 |   1651 |    103 |      0 |   1319 |   3 |  584.7 |
       Dungeon |   1754 |   1651 |    103 |      0 |   1319 |   3 |  584.7 |
               +--------+--------+--------+--------+--------+-----+--------+

Top non-repeatable levels by time:
     D:2: 914 daAuts
     D:1: 810 daAuts
     D:3: 30 daAuts
